AoeStats
← Chris77A

Black Forest

504181128Analyzed
3v3 RM · 28d ago on Sep 4, 2026· 59m 11s· 6 players
Game mode
Random Map
Map size
Normal (6 player)
Population
200
Speed
Normal
Resources
Standard
Victory
Conquest
Starting age
Dark Age
Ending age
Imperial Age
RankedLock teamsTeams togetherTeam positionsShared explorationLock speedFull tech treeHidden civsTurbo modeCheats
Victory
Defeat
🇬🇧 Japanese · United Kingdom
1309
+15
🇬🇧 Hindustanis · United Kingdom
1236
+19
🇬🇧 Teutons · United Kingdom
1197
+21
🇨🇳 Bohemians · China
1336
-20
🇮🇳 Khmer · India
1292
-18
🇭🇺 Mongols · Hungary
1264
-17
snek_fan
0:27 Loom
12:41 Feudal Age
17:04 Castle Age
16:41 Double-Bit Axe
17:00 Horse Collar
17:51 Town Watch
24:16 Wheelbarrow
26:06 Bow Saw
25:58 Heavy Plow
30:01 Redemption
33:55 Hand Cart
33:43 Town Patrol
35:55 Bloodlines
36:03 Husbandry
38:43 Stone Mining
39:56 Scale Barding Armor
39:43 Fletching
41:13 Chain Barding Armor
41:46 Masonry
41:57 Ballistics
41:33 Murder Holes
41:50 Forging
43:13 Fletching
45:58 Imperial Age
46:24 Elite Ballista Elephant
47:03 Bodkin Arrow
47:13 Gold Mining
48:13 Bracer
51:29 Architecture
55:12 Padded Archer Armor
55:22 Light Cavalry
56:21 Leather Archer Armor
Doppinger
1:33 Loom
10:12 Feudal Age
13:59 Wheelbarrow
16:20 Castle Age
14:09 Double-Bit Axe
14:21 Horse Collar
14:34 Gold Mining
14:57 Stone Mining
16:10 Town Watch
18:26 Bloodlines
22:07 Forging
24:53 Hand Cart
26:01 Heavy Plow
26:27 Caravan
27:15 Husbandry
28:25 Bow Saw
29:45 Light Cavalry
30:32 Scale Barding Armor
34:19 Imperial Age
33:02 Fletching
35:17 Iron Casting
34:38 Bodkin Arrow
35:30 Conscription
35:48 Hoardings
36:04 Chain Barding Armor
37:29 Chemistry
36:25 Murder Holes
36:51 Ballistics
36:42 Masonry
36:44 Fortified Wall
37:49 Blast Furnace
38:13 Drill
37:16 Capped Ram
38:44 Siege Ram
40:02 Siege Engineers
39:49 Elite Steppe Lancer
39:50 Heavy Camel Rider
39:55 Hussar
41:36 Bracer
41:39 Padded Archer Armor
41:17 Onager
43:22 Siege Onager
44:37 Nomads
51:28 Cavalier
53:07 Heavy Scorpion
成全
9:15 Feudal Age
15:07 Castle Age
14:24 Padded Archer Armor
14:17 Fletching
15:23 Double-Bit Axe
16:56 Bodkin Arrow
20:24 Bow Saw
21:50 Padded Archer Armor
22:21 Crossbowman
24:42 Horse Collar
28:39 Fervor
29:06 Wheelbarrow
28:17 Loom
29:59 Heavy Plow
30:16 Hand Cart
32:43 Caravan
35:48 Imperial Age
35:27 Chemistry
34:48 Ballistics
34:40 Masonry
34:18 Town Watch
35:00 Sanctity
35:11 Scale Mail Armor
35:21 Forging
34:33 Pikeman
35:14 Squires
34:59 Arson
37:21 Chain Mail Armor
37:41 Iron Casting
38:12 Bombard Tower
38:38 Siege Engineers
38:05 Houfnice
39:09 Halberdier
40:36 Plate Mail Armor
41:06 Blast Furnace
41:34 Two-Man Saw
41:50 Blast Furnace
41:41 Town Patrol
42:12 Architecture
41:24 Treadmill Crane
42:58 Murder Holes
44:55 Coinage
44:38 Guilds
45:29 Conscription
44:39 Man-at-Arms
46:08 Banking
45:31 Long Swordsman
46:22 Two-Handed Swordsman
47:12 Champion
48:48 Wagenburg Tactics
49:15 Capped Ram
Chris77A
0:49 Loom
13:01 Feudal Age
17:08 Castle Age
15:26 Double-Bit Axe
20:18 Wheelbarrow
19:58 Bow Saw
20:36 Town Watch
20:43 Horse Collar
22:09 Fishing Lines
24:45 Hand Cart
27:03 Gillnets
27:15 Heavy Plow
27:53 Caravan
30:26 Fletching
30:47 Forging
34:34 Imperial Age
33:45 Ironclad
34:51 Onager
35:56 Conscription
35:56 Crenellations
36:45 Hoardings
36:16 Bodkin Arrow
36:21 Padded Archer Armor
37:22 Crop Rotation
36:47 Gold Mining
38:10 Chemistry
37:31 Ballistics
37:22 Fortified Wall
37:18 Siege Engineers
37:23 Masonry
38:34 Leather Archer Armor
38:56 Iron Casting
38:10 Siege Onager
38:21 Pikeman
39:01 Squires
39:04 Scale Mail Armor
38:52 Elite Teutonic Knight
39:23 Arson
40:59 Two-Man Saw
41:15 Halberdier
42:39 Chain Mail Armor
43:25 Blast Furnace
42:55 Ring Archer Armor
41:51 Elite Skirmisher
44:39 Coinage
48:05 Plate Mail Armor
55:50 Banking
out.c/imperator`
3:13 Loom
10:45 Feudal Age
11:18 Man-at-Arms
14:34 Double-Bit Axe
15:32 Scale Mail Armor
23:09 Fletching
23:20 Padded Archer Armor
26:38 Castle Age
24:24 Horse Collar
26:20 Stone Mining
27:39 Wheelbarrow
26:59 Gold Mining
27:36 Heavy Plow
27:47 Bow Saw
29:37 Gold Shaft Mining
31:48 Hand Cart
34:20 Fortified Wall
36:53 Pikeman
40:14 Imperial Age
38:50 Pikeman
39:54 Forging
40:12 Squires
40:49 Chain Mail Armor
41:32 Iron Casting
41:20 Conscription
41:12 Halberdier
43:59 Blast Furnace
43:34 Plate Mail Armor
43:13 Elite Samurai
46:09 Plate Mail Armor
47:18 Kataparuto
50:06 Two-Man Saw
55:18 Caravan
DrunkMonk
3:59 Loom
12:36 Feudal Age
13:17 Double-Bit Axe
13:14 Horse Collar
18:11 Castle Age
17:15 Wheelbarrow
17:57 Gold Mining
18:07 Stone Mining
18:40 Scale Barding Armor
19:27 Bow Saw
23:29 Fishing Lines
24:55 Forging
26:41 Heavy Plow
27:15 Caravan
27:32 Town Watch
28:09 Gillnets
31:02 Hand Cart
31:46 Devotion
34:55 Imperial Age
33:24 Fletching
33:34 Padded Archer Armor
33:55 Chain Barding Armor
34:34 Bloodlines
34:25 Husbandry
35:04 Bodkin Arrow
35:43 Thumb Ring
36:02 Ballistics
36:50 Gold Shaft Mining
36:52 Stone Shaft Mining
36:44 Conscription
36:25 Grand Trunk Road
37:40 Chemistry
37:51 Two-Man Saw
36:25 Heavy Camel Rider
38:09 Siege Engineers
38:14 Masonry
38:24 Shatagni
40:31 Grand Trunk Road
41:20 Bracer
41:36 Leather Archer Armor
41:57 Plate Barding Armor
41:28 Light Cavalry
42:45 Masonry
42:31 Murder Holes
42:15 Imperial Camel Rider
45:12 Ring Archer Armor
45:18 Iron Casting
44:07 Light Cavalry
44:38 Elite Skirmisher
46:19 Coinage
50:05 Hussar
54:00 Hoardings
Connection lost

Rejoining the realm…

Still unreachable

The connection could not be restored.

Session expired

The server has moved on; the page needs a fresh start.